 Dungeon Crawl Stone Soup version 0.22-a0-389-g8519d86 (webtiles) character file.

49 Gildeon the Magician (level 3, 0/19 HPs)
             Began as a Deep Elf Fire Elementalist on Apr 30, 2018.
             Succumbed to an adder's poison
             ... on level 2 of the Dungeon.
             The game lasted 00:09:13 (1288 turns).

Gildeon the Magician (Deep Elf Fire Elementalist)   Turns: 1288, Time: 00:09:13

Health: 0/19       AC:  2    Str:  5    XL:     3   Next: 53%
Magic:  6/11       EV: 28    Int: 20    God:
Gold:   75         SH:  0    Dex: 15    Spells: 3/12 levels left

rFire    . . .     SeeInvis .   f - +0 dagger
rCold    . . .     Gourm    .   (no shield)
rNeg     . . .     Faith    .   a - +0 robe
rPois    +         Spirit   .   (no helmet)
rElec    .         Reflect  .   (no cloak)
rCorr    .         Harm     .   (no gloves)
MR       .....     Clarity  +   (no boots)
Stlth    ++........             g - amulet of the acrobat
HPRegen  0.06/turn              (no ring)
MPRegen  0.12/turn              (no ring)

@: lethally poisoned (0 -> -4), hasted, very quick
A: clarity, poison resistance
a: no special abilities


You were on level 2 of the Dungeon.
You were not hungry.

You visited 1 branch of the dungeon, and saw 2 of its levels.

You collected 75 gold pieces.

Inventory:

Hand Weapons
 f - a +0 dagger (weapon)
Armour
 a - a +0 robe (worn)
Jewellery
 g - an amulet of the acrobat (around neck)
Wands
 e - a wand of iceblast (8)
Scrolls
 h - a scroll of remove curse
Potions
 b - a potion of invisibility
Comestibles
 c - 5 rations
 d - 6 chunks of flesh


   Skills:
 - Level 2.4 Dodging
 - Level 2.4 Stealth
 - Level 5.1 Spellcasting
 - Level 1.1 Conjurations
 + Level 3.7 Fire Magic


You had 3 spell levels left.
You knew the following spells:

 Your Spells              Type           Power        Failure   Level  Hunger
a - Flame Tongue          Conj/Fire      ##...        4%          1    None
b - Throw Flame           Conj/Fire      ##....       6%          2    None
c - Conjure Flame         Conj/Fire      ##......     13%         3    ##.....
d - Inner Flame           Hex/Fire       ##......     16%         3    ##.....


Dungeon Overview and Level Annotations

Branches:
Dungeon (2/15)

Altars:
Elyvilon
Yredelemnul


Innate Abilities, Weirdness & Mutations

You possess an exceptional clarity of mind.
Your system is resistant to poisons. (rPois)


Message History

* * * LOW HITPOINT WARNING * * *
You feel sick.
You see here a ration.
What are your orders? t - Shout!
Orders for allies: a - Attack new target. r - Retreat! s - Stop attacking. g - Guard the area. f - Follow me.
Anything else - Cancel.
Guard this area!
Your magical contamination has completely faded away.
Unknown command.
c - 5 rations (gained 1)
* * * LOW HITPOINT WARNING * * *
You feel sick.
You see here a wand of iceblast (8).
e - a wand of iceblast (8)
* * * LOW HITPOINT WARNING * * *
You feel sick.
You die...

.#######..,*
##..#.#.#.#* .#
*,*,* ##....#...#,*
.#### *,*,*
#..###.#.#.#* ....#
*,*,* #..##.#.#.#.#
###.# *,*,*
#..##..#.#..# # *,#
*,*,* #......######
#**,****,*,*
#.###.##
...,,,,,,*,*######.#
#.#
.##.******,*#...@..#
#.#
.#*,******,*#.######
#.# .#*,,,,,,,,,,,*
#.# ,*********,****
#.# ,* *,* *****.#
,* *,* *,,,,,* ,*
*,* *,*****
,*********,* *,*
,**<,,,,,*,* *,*


There were no monsters in sight!

Vanquished Creatures
  2 adders (D:2)
  A dart slug (D:1)
  A leopard gecko (D:1)
  6 giant cockroaches
  2 goblins
  2 hobgoblins
  4 bats
  A frilled lizard (D:1)
  3 kobolds (D:2)
  8 rats
30 creatures vanquished.

Notes
Turn   | Place    | Note
-------+----------+-------------------------------------------
     0 | D:1      | Gildeon the Deep Elf Fire Elementalist began the quest for the Orb.
     0 | D:1      | Reached XP level 1. HP: 10/10 MP: 6/6
   392 | D:1      | Reached skill level 4 in Spellcasting
   392 | D:1      | Reached XP level 2. HP: 15/15 MP: 6/9
   604 | D:1      | Learned a level 2 spell: Throw Flame
  1075 | D:2      | Found a basalt altar of Yredelemnul.
  1134 | D:2      | Found a white marble altar of Elyvilon.
  1167 | D:2      | Reached skill level 5 in Spellcasting
  1167 | D:2      | Reached XP level 3. HP: 14/19 MP: 6/11
  1211 | D:2      | Learned a level 3 spell: Conjure Flame
  1215 | D:2      | Learned a level 3 spell: Inner Flame
  1257 | D:2      | Gained mutation: You possess an exceptional clarity of mind. [potion of mutation]
  1257 | D:2      | Gained mutation: Your system is resistant to poisons. (rPois) [potion of mutation]
  1288 | D:2      | Succumbed to an adder's poison

Vault maps used:
D:1:      co_arrival_square_in_a_square_in_a_square, serial_forest,
          infiniplex_forest_lined_2, infiniplex_forest_clump_cross,
          infiniplex_forest_corner_1, infiniplex_forest_lined_3_way,
          infiniplex_forest_end_double, infiniplex_forest_straight_2,
          infiniplex_forest_clump_small
D:2:      kennysheep_ying_yang, minmay_tiny_reverse_x

Skill      XL: |  1  2 |
---------------+-------+-----
Spellcasting   | 4 5 |  5.1
Dodging        | |  2.4
Stealth        | |  2.4
Conjurations   | |  1.1
Fire Magic     | |  3.7

Action                   || total
-------------------------++-------
Melee: Unarmed           ||     1
       Dagger            ||    69
 Cast: Flame Tongue      ||    33
  Use: Scroll            ||     3
       Potion            ||     2
 Stab: Sleeping          ||     5
  Eat: Chunk             ||     1
Armor: Robe              ||     3
Dodge: Dodged            ||    26

Table legend:
 A = Spawn XP
 B = Non-spawn XP
 C = Spawn XP percentage of total XP
 D = Spawn monster count
 E = Non-spawn monster count
 F = Spawn count percentage of total count
 G = Total turns spent on level
                    A         B        C        D         E        F      G
               +---------+---------+-------+---------+---------+-------+---------
         Total |       0 |      71 |   0.0 |       0 |      30 |   0.0 |  1288
               +---------+---------+-------+---------+---------+-------+---------
           D:1 |       0 |      28 |   0.0 |       0 |      17 |   0.0 |   903
           D:2 |       0 |      43 |   0.0 |       0 |      13 |   0.0 |   385
               +---------+---------+-------+---------+---------+-------+---------
